 Dungeon Crawl Stone Soup version 0.19-a0-1107-gc676ff4 (webtiles) character file.

128 Duffy the Chopper (level 4, -1/36 HPs)
             Began as a Centaur Gladiator on Aug 9, 2016.
             Slain by a gnoll
             ... wielding a +0 halberd
              (13 damage)
             ... on level 3 of the Dungeon.
             The game lasted 00:02:17 (2857 turns).

Duffy the Chopper (Centaur Gladiator)               Turns: 2857, Time: 00:02:18

Health: -1/36      AC:  9    Str: 18    XL:     4   Next: 86%
Magic:  4/4        EV:  3    Int:  7    God:
Gold:   133        SH:  0    Dex: 10    Spells: 0 memorised, 3 levels left

rFire  . . .     SeeInvis .     a - +0 war axe
rCold  . . .     Gourm    .     l - +0 plate armour
rNeg   . . .     Faith    .     (no shield)
rPois  .         Spirit   .     c - +0 helmet
rElec  .         Dismiss  .     (no cloak)
rCorr  .         Reflect  .     (no gloves)
SustAt .         Harm     .     (no barding)
MR     .....                    (no amulet)
Stlth  ..........               (no ring)
                                (no ring)

@: very quick
A: hooves 3, deformed body, speed 2, tough skin 3
a: no special abilities


You were on level 3 of the Dungeon.
You were very hungry.

You visited 1 branch of the dungeon, and saw 3 of its levels.

You collected 133 gold pieces.


Innate Abilities, Weirdness & Mutations

You have hooves in place of feet.
Armour fits poorly on your strangely shaped body.
You cover ground very quickly.
You have extremely tough skin. (AC +3)


   Skills:
 - Level 2.0 Fighting
 + Level 5.1 Axes
 - Level 2.1 Throwing
 - Level 2.1 Dodging


You had 3 spell levels left.
You didn't know any spells.

Inventory:

Hand Weapons
 a - a +0 war axe (weapon)
Missiles
 b - 8 exploding tomahawks (quivered)
 d - 3 throwing nets
 s - 2 tomahawks
Armour
 c - a +0 helmet (worn)
 l - a +0 plate armour (worn)
Scrolls
 e - a scroll of random uselessness {unknown}
 i - 4 scrolls of identify {unknown}
 j - 3 scrolls of teleportation {unknown}
 k - a scroll of immolation {unknown}
 q - a scroll of recharging {unknown}
Potions
 h - a potion of berserk rage {unknown}
 m - a potion of heal wounds {unknown}
 n - a potion of invisibility {unknown}
 o - a potion of curing {unknown}
 r - 2 potions of haste {unknown}
Comestibles
 f - 2 bread rations
 g - a beef jerky
 t - a slice of pizza

Dungeon Overview and Level Annotations

Branches:
Dungeon (3/15)

Altars:


Message History

The gnoll is heavily wounded.
The gnoll hits you but does no damage.
Your plate armour prevents you from hitting the gnoll.
You kick the gnoll, but do no damage.
The gnoll is heavily wounded.
The gnoll hits you with a halberd!
You are too injured to fight recklessly!
You are too injured to fight recklessly!
You are too injured to fight recklessly!
Your plate armour prevents you from hitting the gnoll.
The gnoll is heavily wounded.
The gnoll hits you with a halberd!
You completely miss the gnoll. You kick the gnoll.
The gnoll is severely wounded.
The gnoll hits you with a halberd. The gnoll hits you with a halberd!
There is a stone staircase leading up, spattered with blood here.
You climb upwards.
There is a stone staircase leading down here.
You are feeling very hungry.
You start resting.
HP restored.
You climb downwards.
The gnoll barely misses you.
There is a stone staircase leading up, spattered with blood here.
You hit the gnoll. You kick the gnoll.
The gnoll is heavily wounded.
The gnoll hits you with a halberd.
You hit the gnoll but do no damage.
The gnoll is moderately wounded.
The gnoll hits you with a halberd!
You closely miss the gnoll. You kick the gnoll, but do no damage.
The gnoll is moderately wounded.
The gnoll hits you with a halberd!
You are too injured to fight recklessly!
You are too injured to fight recklessly!
You are too injured to fight recklessly!
You are too injured to fight recklessly!
You are too injured to fight recklessly!
You are too injured to fight recklessly!
You are too injured to fight recklessly!
You are too injured to fight recklessly!
You are too injured to fight recklessly!
You are too injured to fight recklessly!
You are too injured to fight recklessly!
You are too injured to fight recklessly!
You are too injured to fight recklessly!
You are too injured to fight recklessly!
You closely miss the gnoll. You kick the gnoll.
The gnoll is heavily wounded.
The gnoll hits you with a halberd!
You die...

##...# ##..# ##..#
#### ....### ##..#
....%.#####...#
#...#...##..#.#
#...#.#.......#
....#.#..#..######
..)............g@#####
#.#....#.###[........#
...........).........#
..#.#....###.........#
#.#.#...## ##........#
. #.#.#.# #[.......#
#. ##########


You could see a gnoll.

Action                   |  1- 3 |  4- 6 || total
-------------------------+-------+-------++-------
Melee: War axe           |   145 |    44 ||   189
       Kick              |    24 |    11 ||    35
  Eat: Chunk             |     2 |     2 ||     4
Armor: Leather armour    |    13 |       ||    13
       Plate armour      |   113 |    28 ||   141
Dodge: Dodged            |    46 |     9 ||    55

Notes
Turn   | Place    | Note
-------+----------+-------------------------------------------
     0 | D:1      | Duffy the Centaur Gladiator began the quest for the Orb.
     0 | D:1      | Reached XP level 1. HP: 17/17 MP: 1/1
   163 | D:1      | Reached skill level 3 in Axes
   254 | D:1      | Reached XP level 2. HP: 21/24 MP: 2/2
   963 | D:2      | Reached XP level 3. HP: 25/29 MP: 3/3
  1194 | D:2      | Reached skill level 4 in Axes
  1698 | D:2      | Reached XP level 4. HP: 36/36 MP: 4/4
  2454 | D:2      | Reached skill level 5 in Axes
  2857 | D:3      | Slain by a gnoll

Skill      XL: |  1  2  3  4 |
---------------+-------------+-----
Axes           | 3 4 5 |  5.1
Fighting       | |  2.0
Throwing       | |  2.1
Dodging        | |  2.1

Vault maps used:
D:1:      minmay_arrival_wavy_path
D:2:      kennysheep_big_flooded_room, first_bread
D:3:      demons_altar

Vanquished Creatures
  3 gnolls
  5 adders
  An ooze
  2 worms
  A dart slug
  An orc
  2 giant cockroaches
  4 goblins
  A hobgoblin
  7 jackals
  A ball python
  3 bats
  3 giant newts
  9 kobolds
  2 rats
45 creatures vanquished.
